 Dungeon Crawl Stone Soup version 0.29.1-1-gd02db6906a (webtiles) character file.

Game seed: 5750565414348064165

7012 hikkokomori the Fighter (level 10, -10/97 HPs)
             Began as a Minotaur Fighter on Oct 4, 2022.
             Was a High Priest of Okawaru.
             Mangled by an orc warrior
             ... wielding a +0 trident
             ... led by an orc knight
              (16 damage)
             ... on level 1 of the Orcish Mines on Oct 5, 2022.
             The game lasted 00:16:13 (9628 turns).

hikkokomori the Fighter (Minotaur Fighter)          Turns: 9628, Time: 00:16:14

Health: -10/97     AC: 19    Str: 22    XL:     10   Next: 82%
Magic:  8/9        EV:  6    Int:  5    God:    Okawaru [*****.]
Gold:   324        SH: 12    Dex: 13    Spells: 9/9 levels left

rFire   + . .      SeeInvis .   a - +1 war axe
rCold   . . .      Faith    .   b - +0 kite shield
rNeg    . . .      Spirit   .   w - +0 plate armour
rPois   .          Reflect  .   (helmet restricted)
rElec   .          Harm     .   t - scarf {shadows}
rCorr   .          Rampage  .   l - +0 pair of gloves
Will    .....                   H - +2 pair of boots
Stlth   ..........              (no amulet)
HPRegen 0.26/turn               o - ring of protection from fire
MPRegen 0.11/turn               (no ring)

@: no status effects
A: horns 2, retaliatory headbutt
a: Renounce Religion, Heroism, Finesse, Duel


You were on level 1 of the Orcish Mines.
You worshipped Okawaru.
Okawaru was extremely pleased with you.
You visited 3 branches of the dungeon, and saw 11 of its levels.

You collected 527 gold pieces.
You spent 203 gold pieces at shops.

Inventory:

Hand Weapons
 a - a +1 war axe (weapon)
 z - a +3 vampiric rapier
 M - a +0 dire flail of protection
 N - a +0 bardiche
Missiles
 C - a throwing net (quivered)
 G - 5 silver javelins
Armour
 b - a +0 kite shield (worn)
 c - a +0 buckler
 f - a +0 helmet
 h - a +2 ring mail of cold resistance
 l - a +0 pair of gloves (worn)
 t - a scarf of shadows (worn)
 w - a +0 plate armour (worn)
 B - a +0 pair of boots
 D - a +1 pair of boots
 E - a +0 scale mail
 H - a +2 pair of boots (worn)
Jewellery
 o - a ring of protection from fire (left hand)
Wands
 v - a wand of mindburst (17)
 y - a wand of polymorph (8)
 A - a wand of paralysis (30)
 K - a wand of flame (24)
 L - a wand of roots (20)
Scrolls
 g - a scroll of teleportation
 k - 2 scrolls of enchant weapon
 p - a scroll of fear
 q - a scroll of torment {unknown}
 r - a scroll of fog
 s - a scroll of amnesia {unknown}
 x - a scroll of silence {unknown}
 J - a scroll of noise {unknown}
Potions
 d - 2 potions of might
 e - a potion of degeneration
 i - 3 potions of lignification
 j - 3 potions of brilliance
 m - 4 potions of curing
 n - 3 potions of attraction
 u - 2 potions of heal wounds
 F - 3 potions of resistance
 I - a potion of invisibility
 O - a potion of flight {unknown}


   Skills:
 + Level 12.0 Fighting
 - Level 7.4 Axes
 + Level 9.9 Armour
 + Level 12.0 Shields


You had 9 spell levels left.
You didn't know any spells.
Your spell library contained the following spells:

 Spells                   Type           Power      Damage    Failure   Level
 Freeze                   Ice            0%         1d3       100%        1
 Magic Dart               Conj           0%         1d3       100%        1
 Static Discharge         Conj/Air       0%         3-3/arc   100%        2
 Frozen Ramparts          Ice            0%         1d1       100%        3
 Mephitic Cloud           Conj/Pois/Air  0%         N/A       100%        3
 Dispel Undead            Necr           0%         3d6       100%        4
 Hailstorm                Conj/Ice       0%         3d3       100%        4
 Sticky Flame             Conj/Fire      0%         2d3       100%        4
 Call Imp                 Summ           Unusable   N/A       N/A         2

Dungeon Overview and Level Annotations

Branches:
Dungeon (9/15)             Temple (1/1) D:5            Lair (0/5) D:9
    Orc (1/2) D:9

Altars:
Ashenzari
Cheibriados
Dithmenos
Fedhas
Gozag
Hepliaklqana
Kikubaaqudgha
Makhleb
Nemelex Xobeh
Okawaru
Qazlal
Ru
Sif Muna
Trog
Uskayaw
Vehumet
Wu Jian
Xom
Yredelemnul

Shops:
D:3 (   D:6 [[


Innate Abilities, Weirdness & Mutations

You have a pair of horns on your head.
You reflexively headbutt those who attack you in melee.


Message History

You headbutt the orc warrior, but do no damage.
You hit the orc warrior.
You headbutt the orc warrior, but do no damage.
The orc warrior is almost dead.
You block the orc knight's attack. You block the orc warrior's attack.
The orc warrior hits you with a +2 vorpal long sword.
Unknown command.
You closely miss the orc warrior.
The orc warrior is almost dead.
The orc knight hits you from afar with a +0 glaive.
You block the orc warrior's attack. The orc warrior completely misses you.
Unknown command.
You slash the orc warrior!
You kill the orc warrior!
Okawaru accepts your kill.
The orc knight hits you but does no damage.
You block the orc warrior's attack.
Unknown command.
The orc knight hits you from afar with a +0 glaive!
Things that are here:
a +2 vorpal long sword; a +0 plate armour; an orc corpse Unknown command.
You hit the orc warrior but do no damage.
Your headbutt misses the orc warrior.
You hit the orc warrior but do no damage.
The orc knight hits you from afar with a +0 glaive.
You block the orc warrior's attack.
Unknown command.
You block the orc warrior's attack.
The orc warrior hits you from afar with a +0 halberd!!
You block the orc knight's attack.
The orc warrior hits you with a +0 scimitar!!
* * * LOW HITPOINT WARNING * * *
You see here 15 gold pieces.
Unknown command.
You feel like a meek peon again.
The orc knight hits you from afar with a +0 glaive!!
* * * LOW HITPOINT WARNING * * *
The orc warrior hits you with a +0 trident!
You die...

.....###......#
......#......##
..#......##....##
..........#...##
..... #.......#
....###.....##
....###.####
#....## ##@o..#
#o$###.# #oo## ##
....o #.....
.....# #....
##...


You could see an orc knight, 3 orc warriors and an orc priest (strong).

Vanquished Creatures
  Pikel (D:8)
  Maurice (D:8)
  Joseph (D:8)
  Grinder (D:5)
  3 hornets
  10 yaks
  Sigmund (D:3)
  Eustachio (D:5)
  A wyvern (D:8)
  3 water moccasins
  4 black bears
  An ice beast (D:7)
  An orc warrior (Orc:1)
  A sky beast (D:4)
  2 ogres
  A phantom (D:6)
  2 lemures (D:8)
  2 kobold brigands (D:9)
  5 bullfrogs
  A gnoll sergeant (D:8)
  A necrophage (D:7)
  2 scorpions
  10 wights
  3 killer bees (D:8)
  A howler monkey (D:7)
  4 hounds (D:5)
  2 jellies
  4 orc priests
  2 iguanas
  5 orc wizards (D:7)
  14 gnolls
  2 adders
  A shadow imp (D:7)
  A white imp (D:6)
  An ufetubus (D:5)
  4 worms
  7 orcs
  7 ball pythons
  4 endoplasms
  3 giant cockroaches
  7 goblins
  3 hobgoblins
  2 jackals (D:1)
  13 kobolds
  7 bats
  3 frilled lizards (D:1)
  4 rats
160 creatures vanquished.

Vanquished Creatures (others)
  6 plants (D:2)
6 creatures vanquished.

Grand Total: 166 creatures vanquished

Notes
Turn   | Place    | Note
-------+----------+-------------------------------------------
     0 | D:1      | hikkokomori the Minotaur Fighter began the quest for the
                  | Orb.
     0 | D:1      | Reached XP level 1. HP: 19/19 MP: 0/0
    86 | D:1      | Reached XP level 2. HP: 15/27 MP: 1/1
   401 | D:1      | Found a faded altar of an unknown god.
   503 | D:1      | You fall into a shaft and drop 1 floor!
   519 | D:2      | Reached XP level 3. HP: 21/33 MP: 2/2
  1356 | D:3      | Reached XP level 4. HP: 39/41 MP: 3/3
  1618 | D:3      | Noticed Sigmund
  1623 | D:3      | Killed Sigmund
  1624 | D:3      | Reached skill level 5 in Fighting
  1624 | D:3      | Reached skill level 5 in Shields
  1624 | D:3      | Reached XP level 5. HP: 38/48 MP: 4/4
  1746 | D:3      | Found a sparkling altar of Nemelex Xobeh.
  1837 | D:3      | Found Tavea's Weapon Emporium.
  1954 | D:3      | Found a bloodstained altar of Trog.
  2000 | D:4      | Reached XP level 6. HP: 56/56 MP: 5/5
  2099 | D:4      | Noticed a sky beast
  2105 | D:4      | Killed a sky beast
  2106 | D:4      | Reached skill level 5 in Axes
  2571 | D:4      | Reached XP level 7. HP: 12/63 MP: 6/6
  3246 | D:5      | Entered Level 5 of the Dungeon
  3638 | D:5      | Found an iron altar of Okawaru.
  3655 | D:5      | Became a worshipper of Warmaster Okawaru
  3828 | D:5      | Noticed Grinder
  3839 | D:5      | Killed Grinder
  3840 | D:5      | Reached XP level 8. HP: 38/73 MP: 7/7
  4105 | D:5      | Found a blossoming altar of Fedhas.
  4121 | D:5      | Noticed Eustachio
  4147 | D:5      | Killed Eustachio
  4147 | D:5      | Reached * piety under Okawaru
  4324 | D:5      | Found a basalt altar of Yredelemnul.
  4501 | D:5      | Found a staircase to the Ecumenical Temple.
  4569 | Temple   | Entered the Ecumenical Temple
  4964 | D:6      | Found Rytt's Armour Emporium.
  4998 | D:6      | Found Ynoas's Antique Armour Emporium.
  5003 | D:6      | Bought a pair of runed boots for 127 gold pieces
  5009 | D:6      | Bought a kite shield for 76 gold pieces
  5120 | D:6      | Reached ** piety under Okawaru
  5121 | D:6      | Reached skill level 5 in Armour
  5307 | D:6      | Reached XP level 9. HP: 82/82 MP: 8/8
  6636 | D:8      | Reached *** piety under Okawaru
  6713 | D:8      | Noticed Pikel
  6715 | D:8      | Reached skill level 10 in Fighting
  6715 | D:8      | Reached skill level 10 in Shields
  6752 | D:8      | Killed Pikel
  6900 | D:8      | Reached XP level 10. HP: 73/94 MP: 9/9
  7059 | D:8      | Noticed Maurice
  7525 | D:8      | Reached **** piety under Okawaru
  7792 | D:8      | Killed Maurice
  8138 | D:8      | Paralysed by a hornet for 3 turns
  8337 | D:8      | Noticed Joseph
  8348 | D:8      | Killed Joseph
  8512 | D:9      | Found a staircase to the Lair.
  8819 | D:9      | Found an opulent altar of Gozag.
  9017 | D:9      | Found a stormy altar of Qazlal.
  9121 | D:9      | Found a staircase to the Orcish Mines.
  9169 | D:9      | Reached ***** piety under Okawaru
  9443 | D:9      | Found a shimmering altar of Xom.
  9546 | Orc:1    | Entered Level 1 of the Orcish Mines
  9614 | Orc:1    | Noticed an orc knight
  9628 | Orc:1    | Mangled by an orc warrior

Illustrated notes

Levels and vault maps discovered:
D:1:      evilmike_arrival_fibonacci_small, layout_rooms,
          dilly_ecumenical_altar_fadedgnrine
D:2:      layout_basic, serial_forest, infiniplex_forest_clump_medium,
          infiniplex_forest_corner_1, infiniplex_forest_straight_3,
          infiniplex_forest_lined_corner, infiniplex_forest_corner_1,
          infiniplex_forest_clump_diagonal, infiniplex_forest_lined_corner,
          chequers_garden, grunt_decor_junction, serial_bayou_ford_a
D:3:      layout_rooms, lightli_temple_of_fire, nemelex_diamond_rough_becter,
          serial_shops, nicolae_shop_bloodbath_and_beyond, uniq_sigmund
D:4:      layout_basic, chequers_arboretum
D:5:      layout_basic, mainiacjoe_overflow_surrounded_room,
          mainiacjoe_overflow_cross_hatched, okawaru_gym_becter, temple_hall,
          patterned_corridor, uniq_eustachio, uniq_grinder
D:6:      layout_cave_pods, serial_shops, nicolae_shop_hallway_plus, shop
D:7:      layout_rooms, minmay_misc_feat_rugged,
          eino_small_chamber_without_monster
D:8:      layout_basic, grunt_decor_fettered, uniq_pikel, uniq_joseph,
          uniq_maurice
D:9:      layout_irregular_city, nicolae_qazlal_eye_of_the_storm,
          lemuel_tele_altar, mainiacjoe_overflow_alcove_2, dpeg_oklobed_lair,
          orc_0_dummy, small_statue_intersection
Temple:   minmay_freezing_vapour_temple
Orc:1:    nicolae_orc_accident_2, layout_diamond_mine, serial_shops, shop

Skill      XL: |  1  2  3  4  5  6  7  8  9 10 |
---------------+-------------------------------+-----
Shields        | 4 5 6 7 9 10 12 | 12.0
Fighting       | 4 5 6 7 8 10 12 | 12.0
Axes           | 3 4 5 6 7 |  7.4
Armour         | 5 8 9 |  9.9

Action                   |  1- 3 |  4- 6 |  7- 9 | 10-12 || total
-------------------------+-------+-------+-------+-------++-------
Melee: War axe           |    76 |    65 |   228 |   145 ||   514
       Headbutt          |    10 |    15 |    40 |    36 ||   101
Throw: Javelin           |       |       |       |     4 ||     4
Invok: Heroism           |       |       |     1 |     1 ||     2
Evoke: Wand              |       |       |     4 |       ||     4
  Use: Potion            |       |     1 |     1 |       ||     2
       Scroll            |       |       |       |    10 ||    10
Armor: Scale mail        |    41 |    25 |    27 |       ||    93
       Plate armour      |       |       |    93 |    73 ||   166
Dodge: Dodged            |    35 |    25 |    61 |    39 ||   160
Block: Buckler           |    21 |    18 |    19 |       ||    58
       Kite shield       |       |       |    94 |   119 ||   213
